 Dungeon Crawl Stone Soup version 0.28.0-53-g5a82cb258f (webtiles) character file.

Game seed: 15135650903294432451

57770 jjjjhere the Covert (level 14, 0/97 HPs)
             Began as a Gnoll Enchanter on Oct 22, 2022.
             Was a High Priest of Hepliaklqana.
             Slain by an entropy weaver (7 damage)
             ... on level 3 of the Lair of Beasts on Oct 23, 2022.
             The game lasted 01:03:58 (30303 turns).

jjjjhere the Covert (Gnoll Enchanter)              Turns: 30303, Time: 01:03:59

Health: 0/97       AC:  4    Str: 12    XL:     14   Next: 87%
Magic:  11/37      EV: 18    Int: 19    God:    Hepliaklqana [*****.]
Gold:   1002       SH:  7    Dex: 17    Spells: 2/34 levels left

rFire   + . .      SeeInvis .   L - +4 dagger "Killer Bee's Regret" {vorpal, rN+ Dex+5}
rCold   + + .      Faith    .   n - +0 buckler
rNeg    + + .      Spirit   .   D - +2 robe {rC+ rF+}
rPois   +          Reflect  .   s - +1 helmet
rElec   .          Harm     .   o - scarf {repulsion}
rCorr   .          Rampage  .   P - +0 pair of gloves
Will    +....                   k - +2 pair of boots
Stlth   +++++.....              Z - amulet of the acrobat
HPRegen 0.26/turn               E - ring of poison resistance
MPRegen 0.25/turn               e - ring of Lunorheo {rC+ rN+ MP+9 Int+3}

@: corroded, studying Earth Magic, repel missiles
A: reduced essence, fangs 1, strong nose, distributed training
a: Renounce Religion, Recall Ancestor, Ancestor Identity, Transference, Idealise


You were on level 3 of the Lair of Beasts.
You worshipped Hepliaklqana.
Hepliaklqana was extremely pleased with you.
You visited 5 branches of the dungeon, and saw 22 of its levels.

You collected 1002 gold pieces.

Inventory:

Hand Weapons
 a - the +7 long sword of Fear {vamp, Str+3}
   (You found it on level 10 of the Dungeon)

   It occasionally heals its wielder for a portion of the damage dealt when it
   wounds a living foe.
   Str:       It affects your strength (+3).
 y - a +2 vampiric rapier
 L - the +4 dagger "Killer Bee's Regret" (weapon) {vorpal, rN+ Dex+5}
   (You found it on level 5 of the Lair of Beasts)

   It inflicts extra damage upon your enemies.
   Dex:       It affects your dexterity (+5).
   rN:        It protects you from negative energy.
 S - a +2 dagger of protection
Missiles
 w - 3 throwing nets
 C - 6 silver javelins
 F - 6 curare-tipped darts (quivered)
 G - 5 atropa-tipped darts
 M - 7 boomerangs
Armour
 k - a +2 pair of boots (worn)
 n - a +0 buckler (worn)
 o - a scarf of repulsion (worn)
 s - a +1 helmet (worn)
 D - a +2 robe of resistance (worn)
 P - a +0 pair of gloves (worn)
Jewellery
 d - a ring of wizardry
 e - the ring of Lunorheo (right hand) {rC+ rN+ MP+9 Int+3}
   (You acquired it on level 6 of the Dungeon)

   [ring of magical power]

   Int:       It affects your intelligence (+3).
   rC:        It protects you from cold.
   rN:        It protects you from negative energy.
   MP:        It affects your magic capacity (+9).
 q - a +4 ring of slaying
 u - an amulet of reflection
 E - a ring of poison resistance (left hand)
 J - a ring of flight
 T - a ring of resist corrosion
 W - a ring of protection from fire
 X - a +4 ring of evasion
 Z - an amulet of the acrobat (around neck)
Wands
 g - a wand of flame (8)
 v - a wand of digging (20)
 A - a wand of mindburst (5)
 N - a wand of iceblast (14)
 O - a wand of polymorph (19)
 U - a wand of paralysis (4)
 V - a wand of charming (5)
Scrolls
 i - 2 scrolls of fear
 m - 3 scrolls of fog
 p - 3 scrolls of enchant weapon
 t - 4 scrolls of teleportation
 x - 2 scrolls of vulnerability
 K - 5 scrolls of enchant armour
Potions
 b - 3 potions of cancellation
 c - 4 potions of invisibility
 f - 2 potions of flight
 h - 8 potions of curing
 j - 4 potions of ambrosia
 l - a potion of magic
 r - 2 potions of might
 z - a potion of heal wounds
 B - 6 potions of mutation
 H - a potion of brilliance
 I - 4 potions of haste
 Q - a potion of resistance
Miscellaneous
 R - a lightning rod (4/4)
 Y - a tin of tremorstones (2/2)


   Skills:
 + Level 9.6 Fighting
 + Level 10.0 Short Blades
 + Level 9.6 Long Blades
 + Level 9.6 Axes
 + Level 9.6 Maces & Flails
 + Level 9.6 Polearms
 + Level 9.6 Staves
 + Level 9.6 Slings
 + Level 9.6 Bows
 + Level 9.6 Crossbows
 + Level 9.6 Throwing
 + Level 9.6 Armour
 + Level 10.6 Dodging
 + Level 11.3 Stealth
 + Level 9.6 Shields
 + Level 9.6 Unarmed Combat
 + Level 10.8 Spellcasting
 + Level 8.0 Conjurations
 + Level 9.8 Hexes
 + Level 8.0 Summonings
 + Level 8.0 Necromancy
 + Level 8.0 Translocations
 + Level 8.0 Transmutations
 + Level 8.0 Fire Magic
 + Level 8.0 Ice Magic
 + Level 8.0 Air Magic
 + Level 8.3 Earth Magic
 + Level 8.0 Poison Magic
 + Level 10.4 Invocations
 + Level 9.6 Evocations


You had 2 spell levels left.
You knew the following spells:

 Your Spells              Type           Power      Damage    Failure   Level
a - Ensorcelled Hibernat  Hex/Ice        88%        N/A       1%          2
b - Tukima's Dance        Hex            47%        N/A       1%          3
c - Confusing Touch       Hex            47%        N/A       1%          3
d - Dazzling Flash        Conj/Hex       88%        N/A       1%          3
e - Call Canine Familiar  Summ           40%        N/A       1%          3
f - Alistair's Intoxicat  Tmut/Pois      26%        N/A       9%          5
g - Fulminant Prism       Conj/Hex       22%        3d13      2%          4
h - Iskenderun's Mystic   Conj/Tloc      40%        2d9       3%          4
i - Fireball              Conj/Fire      20%        3d10      9%          5

Your spell library contained the following spells:

 Spells                   Type           Power      Damage    Failure   Level
 Apportation              Tloc           80%        N/A       1%          1
 Summon Small Mammal      Summ           100%       N/A       1%          1
 Scorch                   Fire           80%        2d9       1%          2
 Sublimation of Blood     Necr           40%        N/A       1%          2
 Wereblood                Tmut           40%        N/A       1%          2
 Ozocubu's Armour         Ice            40%        N/A       1%          3
 Summon Guardian Golem    Hex/Summ       44%        N/A       1%          3
 Flame Wave               Conj/Fire      40%        2d9       3%          4
 Silence                  Hex/Air        22%        N/A       6%          5
 Lee's Rapid Deconstruct  Erth           21%        3d13*     8%          5
 Agony                    Necr           40%        N/A       9%          5
 Iskenderun's Battlesphe  Conj           40%        2d9       9%          5
 Conjure Ball Lightning   Conj/Air       20%        3x3d6     43%         6
 Summon Cactus Giant      Summ           20%        N/A       43%         6
 Orb of Destruction       Conj           20%        9d8       95%         7
 Ozocubu's Refrigeration  Ice            20%        4d9       95%         7
 Summon Hydra             Summ           20%        N/A       95%         7


Dungeon Overview and Level Annotations

Branches:
Dungeon (13/15)            Temple (1/1) D:7            Lair (6/6) D:9
  Swamp (1/4) Lair:2       Spider (1/4) Lair:3        Slime (0/5) Lair:6
    Orc (0/2) D:10
 Vaults: D:13-14

Altars:
Ashenzari
Cheibriados
Dithmenos
Elyvilon
Fedhas
Gozag
Hepliaklqana
Kikubaaqudgha
Makhleb
Nemelex Xobeh
Okawaru
Qazlal
Ru
Sif Muna
Trog
Uskayaw
Vehumet
Wu Jian
Xom
Yredelemnul
Zin
The Shining One
Jiyva

Shops:
D:1 =   D:3 !   D:11 *

Annotations:
D:2 1 runed translucent door, Crazy Yiuf
D:9 1 runed translucent door, safid's ghost, novice GrEE
Lair:3 1 runed translucent door
Lair:6 1 runed translucent door


Innate Abilities, Weirdness & Mutations

Your life essence is reduced to manifest your ancestor. (-10% HP)
You have very sharp teeth.
Your uncanny sense of smell can sniff out nearby items.
Your experience applies equally to all skills.


Message History

The entropy weaver gestures at you while chanting.
The entropic weave corrodes you!
Synnove is recalled.
Synnove hits the entropy weaver but does no damage.
The entropy weaver misses you. The entropy weaver hits you.
You block the entropy weaver's attack.
The entropy weaver completely misses you.
Synnove hits the entropy weaver with a +0 flail!
The entropy weaver casts a spell at you.
The entropic weave corrodes you!
Casting: Fireball (dangerous; 9% risk of failure)
Confirm with . or Enter, or press ? or * to list all spells.
Your wolf bites the entropy weaver but does no damage.
Your wolf closely misses the entropy weaver.
The entropy weaver completely misses you.
The entropy weaver barely misses you. The entropy weaver misses you.
The entropy weaver barely misses you.
Your wolf bites the entropy weaver.
Your wolf barely misses the entropy weaver.
The jumping spider leaps!
The jumping spider leaps!
Your wolf bites the entropy weaver!
The entropy weaver completely misses you.
The entropy weaver hits you!
* * * LOW HITPOINT WARNING * * *
The entropy weaver hits you.
* * * LOW HITPOINT WARNING * * *
The entropy weaver completely misses you.
Your wolf closely misses the entropy weaver.
Your wolf completely misses the entropy weaver.
The jumping spider leaps!
Casting: Call Canine Familiar (safe; 1% risk of failure)
Confirm with . or Enter, or press ? or * to list all spells.
Casting: Dazzling Flash (safe; 1% risk of failure)
Press: ? - help, Dir - look around, f - activate Synnove avoids your attack.
The entropy weaver hits you.
* * * LOW HITPOINT WARNING * * *
The entropy weaver barely misses you. The entropy weaver hits you!
* * * LOW HITPOINT WARNING * * *
The entropy weaver hits you!
You die...

##......#≈≈≈≈#.............#
###......≈≈≈≈≈≈..............
#........≈≈≈≈≈#.............#
###.#....≈.#≈##.......##..#.#
#....#.........(.........##
#.#..............#.........
##.#..P.##..P.....#.........
##.....#≈≈§≈.................
#......#≈≈≈≈@......#........^
###....#≈≈§#.B..PP#...)......
#####.#..≈#.#..#R..P##.........
###.....#.........#h...#.........
...#.......................P....P
....)...#........................
........#............°...........
.................................
...........######..........#.....


You could see the friendly Synnove the knight, an entropy weaver (ally target)
and a friendly wolf (summoned).

Vanquished Creatures
  An eleionoma (Lair:2)
  4 hydras
  The ghost of turdburglar the Basher, a journeyman GrFi of Dithmenos (D:10)
  3 two-headed ogres
  A wolf spider (Lair:6)
  3 ugly things
  A spectral centaur (D:10)
  4 elephants
  2 black mambas
  A torpor snail (Lair:6)
  2 rime drakes
  16 cane toads
  9 komodo dragons
  A troll (D:12)
  3 polar bears
  Grinder (D:6)
  2 tarantellas (Spider:1)
  2 wind drakes (Lair:6)
  2 hornets (D:9)
  10 blink frogs
  4 slime creatures (D:12)
  A snapping turtle (Lair:6)
  3 dream sheep
  A culicivora (Lair:3)
  A centaur simulacrum (D:10)
  2 wraiths (D:12)
  2 basilisks
  21 yaks
  A wyvern (D:8)
  5 vampire mosquitoes
  11 water moccasins
  3 orc warriors
  An ice beast (D:7)
  5 black bears
  A necrophage (D:6)
  4 ogres
  A wolf (Lair:2)
  3 centaurs (D:11)
  3 phantoms
  3 kobold brigands
  8 bullfrogs
  A scorpion (D:4)
  2 water moccasin skeletons
  7 killer bees
  2 electric eels
  A wight (D:9)
  6 howler monkeys
  6 centaur zombies
  A bullfrog zombie (D:7)
  3 jellies
  A centaur skeleton (D:7)
  3 hounds
  5 orc priests
  2 bullfrog skeletons (D:5)
  8 orc wizards
  A hell rat (Lair:4)
  2 hound skeletons (D:4)
  A mummy (D:13)
  A howler monkey zombie (D:8)
  8 gnolls
  8 adders
  2 howler monkey skeletons
  A shadow imp (D:7)
  3 white imps
  4 worms
  2 dart slugs
  24 orcs
  5 ball pythons
  7 bats
  5 endoplasms
  5 giant cockroaches
  10 goblins
  4 hobgoblins
  3 quokkas
  3 frilled lizards
  13 kobolds
  2 rats (D:2)
315 creatures vanquished.

Vanquished Creatures (collateral kills)
  Snorg (D:12)
  Fannar (Lair:2)
  A boulder beetle (D:9)
  7 hydras
  A merfolk avatar (Lair:6)
  A two-headed ogre (D:9)
  2 death yaks
  A wolf spider zombie (D:13)
  A slime creature (D:12)
  4 manticores
  A spectral centaur (D:10)
  2 elephants (Lair:6)
  A centaur zombie (D:11)
  2 black mambas
  A torpor snail (Lair:6)
  5 cane toads
  Psyche (D:9)
  A rime drake (Lair:2)
  7 komodo dragons
  A polar bear (Lair:6)
  2 hornets (Lair:6)
  5 blink frogs
  Prince Ribbit (Lair:1)
  2 dream sheep
  A spectral meliai (D:10)
  A centaur simulacrum (D:10)
  A wraith (D:12)
  A shadow (D:9)
  A wyvern (Lair:4)
  2 basilisks
  A fire elemental (Lair:3)
  A vampire mosquito (D:10)
  13 yaks
  A steam dragon (D:10)
  An acid dragon (D:11)
  A warg (D:10)
  A water moccasin (Lair:6)
  An ogre (D:7)
  4 black bears
  An orc warrior (D:8)
  3 centaurs (D:11)
  6 bullfrogs
  A wyvern zombie (D:9)
  3 wights (D:9)
  A lava snake (Lair:3)
  An orc priest (D:9)
  4 hell rats (Lair:4)
  4 orc wizards
  6 orcs
  2 kobolds
  A butterfly (Lair:6)
116 creatures vanquished.

Vanquished Creatures (others)
  12 dancing weapons
  5 ancestors
  14 knights
  2 human simulacra (D:9)
  8 fulminant prisms
  25 fungi
  59 plants
  6 toadstools (Lair:3)
131 creatures vanquished.

Grand Total: 562 creatures vanquished

Notes
Turn   | Place    | Note
-------+----------+-------------------------------------------
     0 | D:1      | jjjjhere the Gnoll Enchanter began the quest for the Orb.
     0 | D:1      | Reached XP level 1. HP: 13/13 MP: 6/6
   242 | D:1      | Found Cutuq's Jewellery Emporium.
   265 | D:1      | Reached XP level 2. HP: 19/19 MP: 7/7
   268 | D:1      | Learned a level 2 spell: Ensorcelled Hibernation
   917 | D:2      | Reached skill level 1 in Fighting
   917 | D:2      | Reached skill level 1 in Long Blades
   917 | D:2      | Reached skill level 1 in Axes
   917 | D:2      | Reached skill level 1 in Maces & Flails
   917 | D:2      | Reached skill level 1 in Polearms
   917 | D:2      | Reached skill level 1 in Staves
   917 | D:2      | Reached skill level 1 in Slings
   917 | D:2      | Reached skill level 1 in Bows
   917 | D:2      | Reached skill level 1 in Crossbows
   917 | D:2      | Reached skill level 1 in Throwing
   917 | D:2      | Reached skill level 1 in Armour
   917 | D:2      | Reached skill level 6 in Stealth
   917 | D:2      | Reached skill level 1 in Shields
   917 | D:2      | Reached skill level 1 in Unarmed Combat
   917 | D:2      | Reached skill level 5 in Spellcasting
   917 | D:2      | Reached skill level 1 in Invocations
   917 | D:2      | Reached skill level 1 in Evocations
   917 | D:2      | Reached XP level 3. HP: 26/26 MP: 7/9
   967 | D:2      | Found a basalt altar of Yredelemnul.
  1033 | D:2      | Found a faded altar of an unknown god.
  1171 | D:2      | Reached XP level 4. HP: 32/32 MP: 8/11
  1175 | D:2      | Learned a level 3 spell: Tukima's Dance
  1179 | D:2      | Learned a level 3 spell: Confusing Touch
  1183 | D:2      | Learned a level 3 spell: Dazzling Flash
  1430 | D:2      | Found a runed translucent door.
  1431 | D:2      | Noticed Crazy Yiuf
  1645 | D:2      | Reached skill level 1 in Conjurations
  1645 | D:2      | Reached skill level 1 in Summonings
  1645 | D:2      | Reached skill level 1 in Necromancy
  1645 | D:2      | Reached skill level 1 in Translocations
  1645 | D:2      | Reached skill level 1 in Transmutations
  1645 | D:2      | Reached skill level 1 in Fire Magic
  1645 | D:2      | Reached skill level 1 in Ice Magic
  1645 | D:2      | Reached skill level 1 in Air Magic
  1645 | D:2      | Reached skill level 1 in Earth Magic
  1645 | D:2      | Reached skill level 1 in Poison Magic
  2078 | D:2      | Reached XP level 5. HP: 37/37 MP: 8/12
  2451 | D:3      | Found Wuca's Distillery.
  3335 | D:3      | Identified the +1 chain mail of the Comet {rElec rPois
                  | Str+3}
  3721 | D:4      | Reached XP level 6. HP: 42/44 MP: 11/13
  4372 | D:3      | Reached skill level 5 in Dodging
  4655 | D:4      | HP: 12/44 [scorpion (3)]
  4658 | D:4      | HP: 5/44 [poisoned by a scorpion]
  5293 | D:4      | Reached XP level 7. HP: 50/50 MP: 15/15
  5401 | D:5      | Entered Level 5 of the Dungeon
  5404 | D:5      | Identified the +2 leather armour of Wextox {Harm rN++
                  | Str+4}
  5558 | D:5      | Found a glowing golden altar of the Shining One.
  5760 | D:5      | Found a shadowy altar of Dithmenos.
  5763 | D:5      | Found a bloodstained altar of Trog.
  5763 | D:5      | Found a radiant altar of Vehumet.
  5767 | D:5      | Found a broken altar of Ashenzari.
  5767 | D:5      | Found a stormy altar of Qazlal.
  5767 | D:5      | Noticed a two-headed ogre
  5792 | D:5      | Killed a two-headed ogre
  5793 | D:5      | Reached XP level 8. HP: 55/58 MP: 12/17
  6058 | D:5      | Reached skill level 7 in Stealth
  6661 | D:5      | Reached XP level 9. HP: 65/65 MP: 11/18
  6848 | D:6      | Noticed Grinder
  7051 | D:6      | Paralysed by Grinder for 2 turns
  7101 | D:6      | Killed Grinder
  7293 | D:6      | Reached skill level 5 in Short Blades
  8212 | D:6      | Identified a scroll of acquirement
  8212 | D:6      | Acquired the ring of Lunorheo {rC+ rN+ MP+9 Int+3}
  9134 | D:7      | Found a staircase to the Ecumenical Temple.
  9154 | Temple   | Entered the Ecumenical Temple
  9211 | Temple   | Became a worshipper of Hepliaklqana the Forgotten
  9341 | D:7      | Reached skill level 5 in Invocations
 10261 | D:7      | Reached XP level 10. HP: 73/73 MP: 20/20
 10434 | D:8      | Found an ancient bone altar of Kikubaaqudgha.
 10516 | D:8      | HP: 23/73 [centaur zombie (3)]
 10534 | D:8      | HP: 17/73 [centaur zombie (3)]
 10542 | D:8      | HP: 18/73 [centaur zombie (1)]
 10849 | D:8      | Found a white marble altar of Elyvilon.
 10857 | D:8      | Reached skill level 5 in Fighting
 10857 | D:8      | Reached skill level 5 in Long Blades
 10857 | D:8      | Reached skill level 5 in Axes
 10857 | D:8      | Reached skill level 5 in Maces & Flails
 10857 | D:8      | Reached skill level 5 in Polearms
 10857 | D:8      | Reached skill level 5 in Staves
 10857 | D:8      | Reached skill level 5 in Slings
 10857 | D:8      | Reached skill level 5 in Bows
 10857 | D:8      | Reached skill level 5 in Crossbows
 10857 | D:8      | Reached skill level 5 in Throwing
 10857 | D:8      | Reached skill level 5 in Armour
 10857 | D:8      | Reached skill level 5 in Shields
 10857 | D:8      | Reached skill level 5 in Unarmed Combat
 10857 | D:8      | Reached skill level 5 in Evocations
 11554 | D:8      | Learned a level 3 spell: Call Canine Familiar
 12014 | D:9      | Reached skill level 8 in Stealth
 12073 | D:9      | Found an ornate altar of the Wu Jian Council.
 12134 | D:9      | Reached * piety under Hepliaklqana
 12390 | D:9      | Found a runed translucent door.
 12391 | D:9      | Identified the +1 trident of Lesot {venom, rF+ Str+2}
 12391 | D:9      | Noticed safid's ghost (novice GrEE)
 12633 | D:9      | Noticed a boulder beetle
 12752 | D:9      | Found a staircase to the Lair.
 12753 | D:9      | Noticed an elephant
 12782 | D:9      | Killed an elephant
 12920 | D:9      | Noticed Psyche
 12941 | D:9      | Killed Psyche
 13075 | D:9      | Killed a boulder beetle
 13076 | D:9      | Reached XP level 11. HP: 41/72 MP: 22/22
 13256 | D:9      | Noticed a two-headed ogre
 13281 | D:9      | Killed a two-headed ogre
 13786 | Lair:1   | Entered Level 1 of the Lair of Beasts
 13828 | Lair:1   | Reached skill level 5 in Conjurations
 13828 | Lair:1   | Reached skill level 5 in Summonings
 13828 | Lair:1   | Reached skill level 5 in Necromancy
 13828 | Lair:1   | Reached skill level 5 in Translocations
 13828 | Lair:1   | Reached skill level 5 in Transmutations
 13828 | Lair:1   | Reached skill level 5 in Fire Magic
 13828 | Lair:1   | Reached skill level 5 in Ice Magic
 13828 | Lair:1   | Reached skill level 5 in Air Magic
 13828 | Lair:1   | Reached skill level 5 in Earth Magic
 13828 | Lair:1   | Reached skill level 5 in Poison Magic
 14214 | Lair:1   | Reached ** piety under Hepliaklqana
 14215 | Lair:1   | Remembered your ancestor Synnove as a knight
 14671 | Lair:1   | Noticed Prince Ribbit
 14697 | Lair:1   | Killed Prince Ribbit
 14767 | Lair:1   | Reached skill level 9 in Stealth
 15445 | Lair:2   | HP: 24/74 [yak (4)]
 15713 | Lair:2   | Learned a level 5 spell: Alistair's Intoxication
 15757 | Lair:2   | Found a staircase to the Swamp.
 15953 | Lair:2   | Noticed Fannar
 15977 | Lair:2   | Killed Fannar
 16016 | Lair:2   | Reached XP level 12. HP: 80/80 MP: 24/24
 16181 | Lair:2   | Noticed a death yak
 16203 | Lair:2   | Killed a death yak
 16908 | Lair:3   | Reached *** piety under Hepliaklqana
 17537 | Lair:3   | Noticed a five-headed hydra
 17549 | Lair:3   | Noticed a five-headed hydra
 17557 | Lair:3   | Killed a five-headed hydra
 17916 | Lair:3   | Killed a five-headed hydra
 18034 | Lair:3   | Found a hole to the Spider Nest.
 18138 | Lair:3   | Noticed a six-headed hydra
 18153 | Lair:3   | Killed a six-headed hydra
 18326 | Lair:3   | Noticed a catoblepas
 18326 | Lair:3   | Noticed a dire elephant
 18348 | Lair:3   | Found a runed translucent door.
 18400 | Lair:3   | Noticed a seven-headed hydra
 18447 | Lair:3   | Killed a seven-headed hydra
 18671 | Lair:4   | Noticed a four-headed hydra
 18677 | Lair:4   | Killed a four-headed hydra
 18692 | Lair:4   | Noticed a six-headed hydra
 18900 | Lair:4   | Reached XP level 13. HP: 74/88 MP: 26/26
 19079 | Lair:4   | Reached skill level 10 in Stealth
 19872 | Lair:4   | Found an ancient bone altar of Kikubaaqudgha.
 20307 | Lair:5   | Reached **** piety under Hepliaklqana
 20333 | Lair:5   | Identified the ring "Foefo" {rC+ Dex+2}
 20817 | Lair:5   | Identified the +4 dagger "Killer Bee's Regret" {vorpal, rN+
                  | Dex+5}
 21418 | Lair:6   | Entered Level 6 of the Lair of Beasts
 21468 | Lair:6   | Reached ***** piety under Hepliaklqana
 21923 | Lair:6   | Found a runed translucent door.
 21925 | Lair:6   | Found a viscous altar of Jiyva.
 21927 | Lair:6   | Found a staircase to the Slime Pits.
 22011 | Lair:6   | Reached skill level 10 in Spellcasting
 22457 | Lair:6   | Identified the ring "Lept" {Fire rCorr Str+3 Slay-5}
 22597 | Lair:6   | HP: 19/89 [manticore/volley of spikes (16)]
 22959 | Lair:6   | Reached skill level 10 in Dodging
 23054 | Lair:6   | Reached XP level 14. HP: 91/95 MP: 28/28
 23657 | Lair:6   | HP: 31/95 [drowned by a drowned soul[a merfolk avatar]
                  | (13)]
 23976 | Lair:6   | HP: 32/97 [poisoned by a wolf spider]
 24357 | Lair:6   | Learned a level 4 spell: Fulminant Prism
 24362 | Lair:6   | Learned a level 4 spell: Iskenderun's Mystic Blast
 24709 | D:10     | Entered Level 10 of the Dungeon
 24729 | D:10     | Found a staircase to the Orcish Mines.
 24925 | D:10     | Learned a level 5 spell: Fireball
 24995 | D:10     | Reached skill level 10 in Invocations
 25334 | D:10     | Found a shimmering altar of Xom.
 25336 | D:10     | Found a basalt altar of Yredelemnul.
 25336 | D:10     | Found a glowing silver altar of Zin.
 25344 | D:10     | Found a blossoming altar of Fedhas.
 25344 | D:10     | Found an opulent altar of Gozag.
 25344 | D:10     | Found a broken altar of Ashenzari.
 25466 | D:10     | Reached skill level 11 in Stealth
 25507 | D:10     | Found a runed translucent gate.
 25510 | D:10     | Found a runed translucent gate.
 25510 | D:10     | Found a runed translucent gate.
 25573 | D:10     | Noticed turdburglar's ghost (journeyman GrFi)
 25845 | D:10     | Killed turdburglar's ghost
 25987 | D:10     | Identified the +7 long sword of Fear {vamp, Str+3}
 26037 | D:11     | Found Dasacome's Serpentskin Sales.
 26037 | D:11     | Found the +11 plutonium sword {Contam Stlth-}
 27558 | D:12     | HP: 19/97 [very large slime creature (52)]
 28410 | D:12     | Noticed Snorg
 28424 | D:12     | Killed Snorg
 28960 | D:13     | Noticed a ghoul
 29285 | Swamp:1  | Entered Level 1 of the Swamp
 29285 | Swamp:1  | Noticed an eleionoma
 29293 | Lair:2   | HP: 20/97 [eleionoma/spray of wooden splinters (42)]
 29647 | Lair:2   | HP: 30/97 [eleionoma/spray of wooden splinters (13)]
 29654 | Lair:2   | Killed an eleionoma
 29655 | Lair:2   | Reached skill level 10 in Short Blades
 29980 | Spider:1 | Entered Level 1 of the Spider Nest
 29984 | Spider:1 | Noticed an entropy weaver
 30271 | Spider:1 | Noticed an emperor scorpion
 30299 | Lair:3   | HP: 22/97 [entropy weaver (13)]
 30303 | Lair:3   | HP: 7/97 [entropy weaver (7)]
 30303 | Lair:3   | Slain by an entropy weaver

Illustrated notes

Levels and vault maps discovered:
D:1:      heliophobic_arrival_enchanted_forest, layout_loops_ring, serial_shops,
          nicolae_shop_trees, chequers_serial_rivers_marsh
D:2:      layout_basic, basic_altar, nicolae_ecumenical_lake_church,
          nicolae_elevator_lobby_plus, uniq_crazy_yiuf_cottage
D:3:      minmay_recursive_quarters, layout_loops_cross, serial_shops,
          nicolae_shop_trees, minmay_parallelograms
D:4:      layout_cave_pools
D:5:      layout_gridville, mainiacjoe_overflow_brackets, lemuel_crystal_altar,
          grunt_temple_overflow_open
D:6:      layout_gridville, minmay_misc_feat_plants, uniq_grinder
D:7:      cheibrodos_barr_body, layout_loops_ring, minmay_temple_entry_fiery
D:8:      layout_cave_pods, kiku_gazebo_pond_becter, elyvilon_altar_3
D:9:      layout_loops_corners, nicolae_wu_jian_wuxing_cycle,
          david_lair_generic, ebering_ghost_funeral_grove, bh_circular_ruins,
          uniq_psyche
D:10:     layout_loops_ring, doesnt_xom_only_xom, david_orc_3,
          gammafunk_ghost_necromancy
D:11:     layout_loops_corners, guppyfry_shop_venom
D:12:     layout_small_grid, uniq_snorg
D:13:     layout_irregular_city, grunt_vaults_entry_fortified,
          ebering_ghost_inner_flame, gauntlet_entry_generic, serial_undead,
          serial_undead_e, serial_undead_e, serial_undead_c, serial_undead_e,
          serial_undead_d
Temple:   nicolae_temple_x_marks_the_god
Lair:1:   layout_regular_city, beast_lair_carwin_1, uniq_prince_ribbit2
Lair:2:   nzn_winding_woodlands_small [nzn_winding_woodlands_5x15_longhouse,
          nzn_winding_woodlands_center_diamonds,
          nzn_winding_woodlands_5x15_river_crossing], layout_chaotic_city,
          swamp_mist_pool, serial_bayou_shore_a, uniq_fannar
Lair:3:   gammafunk_lair_enchanted_lake, layout_gridlike,
          spider_nest_entry_web_field
Lair:4:   layout_roguey, basic_altar, lookout_lair_type, grunt_megastairs_3
Lair:5:   layout_layer_cave
Lair:6:   gammafunk_lair_ancient_temple, layout_cave_pods, slime_altar_2,
          lemuel_fruit_fields
Swamp:1:  layout_basic_swamp, ebering_ghost_xom, infiniplex_staircase_pool
Spider:1: layout_spider_delve, nicolae_spider_checkerboard

Skill      XL: |  1  2  3  4  5  6  7  8  9 10 11 12 13 14 |
---------------+-------------------------------------------+-----
Fighting       | 1 2 3 4 5 6 7 8 9 |  9.6
Long Blades    | 1 2 3 4 5 6 7 8 9 |  9.6
Axes           | 1 2 3 4 5 6 7 8 9 |  9.6
Maces & Flails | 1 2 3 4 5 6 7 8 9 |  9.6
Polearms       | 1 2 3 4 5 6 7 8 9 |  9.6
Staves         | 1 2 3 4 5 6 7 8 9 |  9.6
Slings         | 1 2 3 4 5 6 7 8 9 |  9.6
Bows           | 1 2 3 4 5 6 7 8 9 |  9.6
Crossbows      | 1 2 3 4 5 6 7 8 9 |  9.6
Throwing       | 1 2 3 4 5 6 7 8 9 |  9.6
Armour         | 1 2 3 4 5 6 7 8 9 |  9.6
Stealth        | 6 7 8 9 10 11 | 11.3
Shields        | 1 2 3 4 5 6 7 8 9 |  9.6
Unarmed Combat | 1 2 3 4 5 6 7 8 9 |  9.6
Spellcasting   | 5 6 7 8 9 10 | 10.8
Invocations    | 1 2 3 4 5 6 7 8 9 10 | 10.4
Evocations     | 1 2 3 4 5 6 7 8 9 |  9.6
Conjurations   | 1 2 3 4 5 6 7 8 |  8.0
Summonings     | 1 2 3 4 5 6 7 8 |  8.0
Necromancy     | 1 2 3 4 5 6 7 8 |  8.0
Translocations | 1 2 3 4 5 6 7 8 |  8.0
Transmutations | 1 2 3 4 5 6 7 8 |  8.0
Fire Magic     | 1 2 3 4 5 6 7 8 |  8.0
Ice Magic      | 1 2 3 4 5 6 7 8 |  8.0
Air Magic      | 1 2 3 4 5 6 7 8 |  8.0
Earth Magic    | 1 2 3 4 5 6 7 8 |  8.3
Poison Magic   | 1 2 3 4 5 6 7 8 |  8.0
Short Blades   | 3 4 5 6 7 8 9 10 | 10.0
Dodging        | 5 6 7 8 9 10 | 10.6
Hexes          | 6 7 8 9 |  9.8

Action                   |  1- 3 |  4- 6 |  7- 9 | 10-12 | 13-15 || total
-------------------------+-------+-------+-------+-------+-------++-------
Melee: Dagger            |    38 |   182 |   307 |   397 |   394 ||  1318
       Punch             |     1 |     2 |       |       |       ||     3
       Bite              |       |    23 |    49 |    46 |    79 ||   197
       Rapier            |       |       |    31 |       |       ||    31
       Long sword        |       |       |       |       |    63 ||    63
Throw: Dart              |       |       |     1 |     1 |       ||     2
 Cast: Ensorcelled Hiber |     6 |    47 |    37 |   121 |    99 ||   310
       Tukima's Dance    |       |    25 |     7 |    17 |     4 ||    53
       Confusing Touch   |       |     7 |    30 |    30 |    25 ||    92
       Dazzling Flash    |       |     3 |    14 |    11 |    24 ||    52
       Call Canine Famil |       |       |       |    43 |    25 ||    68
       Fireball          |       |       |       |       |    21 ||    21
       Fulminant Prism   |       |       |       |       |     8 ||     8
       Iskenderun's Myst |       |       |       |       |     5 ||     5
       Alistair's Intoxi |       |       |       |       |     1 ||     1
Invok: Recall Ancestor   |       |       |       |     2 |    14 ||    16
       Ancestor Life: Kn |       |       |       |     1 |       ||     1
       Idealise          |       |       |       |       |     3 ||     3
       Transference      |       |       |       |       |     1 ||     1
Evoke: Lightning rod     |       |       |       |       |     3 ||     3
  Use: Scroll            |       |       |     8 |    15 |     6 ||    29
       Potion            |       |       |     1 |       |     2 ||     3
 Stab: Sleeping          |    16 |    30 |    29 |    60 |    49 ||   184
       Invisible         |       |     1 |     8 |     2 |     5 ||    16
       Confused          |       |     4 |    27 |    17 |    18 ||    66
       Distracted        |       |     2 |       |     3 |     7 ||    12
Armor: Robe              |    10 |    29 |    61 |    99 |   120 ||   319
Dodge: Dodged            |    35 |    89 |   135 |   177 |   369 ||   805
Block: Buckler           |       |    16 |    69 |   154 |   108 ||   347
       Reflection        |       |       |       |     6 |       ||     6
